 Dungeon Crawl Stone Soup version 0.16.2-2-g470672f (webtiles) character file.

69 SirGodfroy the Covered (level 4, -4/42 HPs)
             Began as a Deep Dwarf Fighter on Aug 23, 2015.
             Killed by divine providence
             ... invoked by an orc priest
              (14 damage)
             ... on level 3 of the Dungeon.
             The game lasted 00:09:04 (1420 turns).

SirGodfroy the Covered (Deep Dwarf Fighter)         Turns: 1420, Time: 00:09:04

Health: -4/42      AC:  9    Str: 20    XL:     4   Next: 2%
Magic:  4/4        EV:  5    Int:  9    God:
Gold:   103        SH:  9    Dex: 12    Spells: 0 memorised, 3 levels left

rFire  . . .     SeeInvis .     a - +0 war axe
rCold  . . .     Clarity  .     l - +0 chain mail
rNeg   . . .     SustAb   .     c - +0 shield
rPois  .         Gourm    .     (no helmet)
rElec  .         Spirit   .     (no cloak)
rCorr  .         Warding  .     (no gloves)
rMut   .         Stasis   .     (no boots)
MR     .....                    (no amulet)
Stlth  ..........               (no ring)
                                (no ring)

@: non-regenerating, not resistant to hostile enchantments, extremely unstealthy
A: damage resistance, recharge devices, sense surroundings 1, slow healing 3
a: Device Recharging


You were on level 3 of the Dungeon.
You were near starving.

You visited 1 branch of the dungeon, and saw 3 of its levels.

You collected 103 gold pieces.

Inventory:

Hand weapons
 a - a +0 war axe (weapon)
Armour
 b - a +0 scale mail
 c - a +0 shield (worn)
 l - a +0 chain mail (worn)
Magical devices
 d - a wand of heal wounds (4)
 o - a wand of random effects (24)
Scrolls
 g - 2 scrolls of identify {unknown}
 h - a scroll of enchant armour {unknown}
 n - a scroll of recharging {unknown}
 q - a scroll of remove curse {unknown}
 r - a scroll of noise {unknown}
 t - a scroll of enchant weapon {unknown}
Potions
 e - a potion of might
 i - 2 potions of curing {unknown}
 j - 2 potions of cancellation {unknown}
 m - a potion of haste {unknown}
 p - 2 potions of agility {unknown}
Comestibles
 f - 2 bread rations
 k - a slice of pizza
 s - a meat ration


   Skills:
 + Level 3.0 Fighting
 + Level 2.6 Axes
 + Level 4.2 Armour
 + Level 0.4 Dodging
 + Level 0.3 Stealth
 + Level 3.8 Shields


You had 3 spell levels left.
You didn't know any spells.

Dungeon Overview and Level Annotations

Branches:
Dungeon (3/15)

Altars:
Nemelex Xobeh
Xom


Innate Abilities, Weirdness & Mutations

You are resistant to damage.
You can recharge devices by infusing magical energy.
You passively map a small area around you.
You do not heal naturally.


Message History

You feel much better.
This wand has 4 charges left.
You slash the orc!
You kill the orc!
You have reached level 4!
You feel clever.
You closely miss the orc. The orc completely misses you.
You block the orc's attack.
Your shield and chain mail prevent you from hitting the orc.
The orc priest calls down the wrath of Beogh upon you.
Something smites you!
* * * LOW HITPOINT WARNING * * *
The orc hits you but does no damage.
You hit the orc.
The orc is almost dead.
You block the orc's attack. The orc hits you but does no damage.
You barely miss the orc.
The orc is almost dead.
The orc priest mumbles some strange prayers to Beogh against you.
Something smites you!
You die...

#######
#.....#
#.###.# #.#
#.# #.#
#.###### #.#
#......# #.#
######.# *
#.# #@# *
#.# #o# ,
##.##
#o#####, *
#####...####
#.....# *
#..........#
##......#
#.###...##.#
......# * ,
##.####.##
,..
,.......,, ,
#.......# #
...?...
#..######
**...... ,


You could see an orc priest and an orc.

Vanquished Creatures
  An adder (D:2)
  A giant mite (D:2)
  A worm (D:2)
  4 orcs (D:3)
  A ball python (D:1)
  3 hobgoblins
  A quokka (D:2)
  7 bats
  2 giant cockroaches
  3 giant newts
  10 goblins
  3 kobolds (D:2)
  4 rats
41 creatures vanquished.

Notes
Turn   | Place    | Note
--------------------------------------------------------------
     0 | D:1      | SirGodfroy, the Deep Dwarf Fighter, began the quest for the Orb.
     0 | D:1      | Reached XP level 1. HP: 20/20 MP: 1/1
   357 | D:1      | Reached XP level 2. HP: 27/27 MP: 2/2
   819 | D:2      | Found a shimmering altar of Xom.
   866 | D:2      | Reached skill level 4 in Armour
   898 | D:2      | Reached XP level 3. HP: 33/33 MP: 3/3
   935 | D:2      | Found a sparkling altar of Nemelex Xobeh.
  1416 | D:3      | Reached XP level 4. HP: 24/42 MP: 4/4
  1420 | D:3      | Killed from afar by an orc priest

Action                   |  1- 3 |  4- 6 || total
-------------------------+-------+-------++-------
Melee: War axe           |   146 |     4 ||   150
Evoke: Wand              |     1 |       ||     1
